 Dungeon Crawl Stone Soup version 0.28-a0-850-g09de17f5b5 (webtiles) character file.

Game seed: 12546152034535368605

94 croobank the Sneak (level 4, 0/35 HPs)
             Began as a Demonspawn Delver on Nov 13, 2021.
             Succumbed to a water moccasin's poison
             ... on level 3 of the Dungeon.
             The game lasted 00:03:11 (250 turns).

croobank the Sneak (Demonspawn Delver)               Turns: 250, Time: 00:03:11

Health: 0/35       AC:  9    Str: 13    XL:     4   Next: 38%
Magic:  4/4        EV: 12    Int: 12    God:
Gold:   11         SH:  0    Dex: 14    Spells: 3/3 levels left

rFire   . . .      SeeInvis .   a - +0 hand axe
rCold   . . .      Faith    .   (no shield)
rNeg    . . .      Spirit   .   b - +0 leather armour
rPois   .          Reflect  .   (helmet restricted)
rElec   .          Harm     .   (no cloak)
rCorr   .          Rampage  .   (no gloves)
Will    .....                   (no boots)
Stlth   +++.......              (no amulet)
HPRegen 0.11/turn               (no ring)
MPRegen 0.09/turn               (no ring)

@: lethally poisoned (0 -> -7), sanguine armoured, attractive, hasted, very
quick
A: horns 1, sanguine armour 1
a: no special abilities


You were on level 3 of the Dungeon.
You visited 1 branch of the dungeon, and saw 3 of its levels.

You collected 11 gold pieces.

Inventory:

Hand Weapons
 a - a +0 hand axe (weapon)
Armour
 b - a +0 leather armour (worn)
Wands
 g - a wand of digging (3)
 i - a wand of acid (5)
Scrolls
 c - a scroll of fog
 d - a scroll of magic mapping


   Skills:
 + Level 3.4 Fighting
 + Level 2.1 Axes
 + Level 0.2 Armour
 + Level 2.0 Dodging
 + Level 5.7 Stealth


You had 3 spell levels left.
You didn't know any spells.
Your spell library was empty.

Dungeon Overview and Level Annotations

Branches:
Dungeon (5/15)
 Temple: D:4-7

Altars:


Innate Abilities, Weirdness & Mutations

You have a pair of small horns on your head.
When seriously injured, your bleeding wounds create armour. (AC +6)


Message History

The ufetubus hits you but does no damage.
You hit the ufetubus.
You kill the ufetubus!
A water moccasin comes into view.
The water moccasin hisses angrily.
An orc comes into view. It is wielding a +0 short sword.
The water moccasin bites you but does no damage.
The water moccasin closely misses you. The water moccasin bites you.
You are poisoned.
The water moccasin poisons you!
You feel yourself speed up.
You feel very sick. The water moccasin barely misses you.
You feel sick.
* * * LOW HITPOINT WARNING * * *
You feel sick.
You feel sick.
You feel sick.
You feel sick.
It was a potion of curing.
You feel better. The water moccasin bites you.
You are lethally poisoned!
The water moccasin poisons you!
* * * LOW HITPOINT WARNING * * *
You feel very sick. The water moccasin barely misses you.
* * * LOW HITPOINT WARNING * * *
You feel sick.
* * * LOW HITPOINT WARNING * * *
You feel sick.
* * * LOW HITPOINT WARNING * * *
You feel sick.
A goblin comes into view. It is wielding a +0 dagger.
* * * LOW HITPOINT WARNING * * *
You feel sick.
* * * LOW HITPOINT WARNING * * *
You feel sick.
It was a potion of attraction.
You feel attractive to monsters.
You die...

# .######### .o
..g....@.#
######.#
########S# #.....
# #.# #.#.##.##
#.# ###....#...
#.# #....#.....
#.#####..#...###.
#........##.## #.
########.##.# #
#.##.# #.


You could see a water moccasin and a goblin (wandering).

Vanquished Creatures
  A necrophage (D:4)
  An ufetubus (D:3)
  3 endoplasms (D:4)
  A quokka (D:3)
6 creatures vanquished.

Notes
Turn   | Place    | Note
-------+----------+-------------------------------------------
     0 | D:5      | croobank the Demonspawn Delver began the quest for the Orb.
     0 | D:5      | Reached XP level 1. HP: 18/18 MP: 1/1
    15 | D:4      | Noticed a necrophage
    27 | D:4      | Killed a necrophage
    28 | D:4      | Reached skill level 5 in Stealth
    28 | D:4      | Gained mutation: When seriously injured, your bleeding
                  | wounds create armour. (AC +6) [demonic ancestry]
    28 | D:4      | Reached XP level 2. HP: 11/24 MP: 2/2
    28 | D:4      | Gained mutation: You have a pair of small horns on your
                  | head. [demonic ancestry]
    28 | D:4      | Reached XP level 3. HP: 14/29 MP: 3/3
    28 | D:4      | Reached XP level 4. HP: 16/35 MP: 4/4
   232 | D:3      | Noticed a water moccasin
   249 | D:3      | HP: 1/35 [poisoned by a water moccasin]
   250 | D:3      | Succumbed to a water moccasin's poison

Illustrated notes

Levels and vault maps discovered:
D:3:      layout_loops_ring
D:4:      layout_basic, palyth_stone_intersect
D:5:      layout_basic, grunt_dithmenos_smoke_and_mirrors,
          general_overflow_altar, columned_hall_lemuel

Skill      XL: |  1 |
---------------+----+-----
Axes           | 2 |  2.1
Dodging        | 2 |  2.0
Stealth        | 5 |  5.7
Fighting       | |  3.4
Armour         | |  0.2

Action                   |  1- 3 |  4- 6 || total
-------------------------+-------+-------++-------
Melee: Hand axe          |     4 |    11 ||    15
Evoke: Wand              |     1 |       ||     1
  Use: Potion            |       |     3 ||     3
       Scroll            |       |     1 ||     1
 Stab: Sleeping          |     1 |       ||     1
Armor: Leather armour    |     1 |    11 ||    12
Dodge: Dodged            |     1 |    15 ||    16

Table legend: (Time is in decaauts)
 A = Elapsed time spent in this place.
 B = Non-inter-level travel time spent in this place.
 C = Inter-level travel time spent in this place.
 D = Time resting spent in this place.
 E = Time spent auto-exploring this place.
 F = Levels seen in this place.
 G = Mean time per level.
                   A        B        C        D        E       F      G
               +--------+--------+--------+--------+--------+-----+--------+
         Total |    248 |    248 |      0 |     93 |     34 |   3 |   82.7 |
       Dungeon |    248 |    248 |      0 |     93 |     34 |   3 |   82.7 |
               +--------+--------+--------+--------+--------+-----+--------+

Top non-repeatable levels by time:
     D:4: 150 daAuts
     D:3: 83 daAuts
     D:5: 15 daAuts
